 Dungeon Crawl Stone Soup version 0.24.0-10-g970556be89 (console) character file.

Game seed: 459462559697806390, levelgen mode: deterministic

72 AlterAsc the Ducker (level 4, -1/27 HPs)
             Began as a Tengu Gladiator on Nov 3, 2019.
             Killed from afar by Sigmund (5 damage)
             ... with a puff of flame
             ... on level 2 of the Dungeon.
             The game lasted 00:02:31 (1078 turns).

AlterAsc the Ducker (Tengu Gladiator)               Turns: 1078, Time: 00:02:32

Health: -1/27      AC:  6    Str: 16    XL:     4   Next: 26%
Magic:  5/5        EV: 13    Int:  8    God:
Gold:   127        SH:  0    Dex: 15    Spells: 3/3 levels left

rFire    . . .     SeeInvis .   a - +0 long sword
rCold    . . .     Gourm    .   (no shield)
rNeg     . . .     Faith    .   n - +0 scale mail
rPois    .         Spirit   .   c - +0 hat
rElec    .         Reflect  .   (no cloak)
rCorr    .         Harm     .   (no gloves)
MR       .....                  (boots unavailable)
Stlth    ..........             (no amulet)
HPRegen  0.09/turn              (no ring)
MPRegen  0.09/turn              (no ring)

@: confused, flying quickly and evasively, quick
A: beak, talons 3
a: no special abilities


You were on level 2 of the Dungeon.
You were hungry.

You visited 1 branch of the dungeon, and saw 2 of its levels.

You collected 127 gold pieces.

Inventory:

Hand Weapons
 a - a +0 long sword (weapon)
 l - a +0 dagger
Missiles
 d - 3 throwing nets (quivered)
Armour
 b - a +0 leather armour
 c - a +0 hat (worn)
 h - a +0 ring mail
 n - a +0 scale mail (worn)
Scrolls
 e - 2 scrolls of teleportation {unknown}
 i - a scroll of immolation {unknown}
 j - 3 scrolls of remove curse {unknown}
 o - a scroll of identify {unknown}
Potions
 k - a potion of mutation {unknown}
 m - a potion of flight
 p - a potion of heal wounds {unknown}
 q - a potion of magic {unknown}
Comestibles
 f - 5 rations
 g - 6 chunks of flesh


   Skills:
 + Level 2.7 Fighting
 + Level 3.9 Long Blades
 - Level 2.1 Throwing
 + Level 1.5 Armour
 + Level 3.9 Dodging


You had 3 spell levels left.
You didn't know any spells.
Your spell library was empty.

Dungeon Overview and Level Annotations

Branches:
Dungeon (2/15)

Altars:

Annotations:
D:2 Sigmund


Innate Abilities, Weirdness & Mutations

You have a beak for a mouth.
You have claws for feet.


Message History

You swoop lightly up into the air.
You bump into the rock wall.
You feel less confused. Sigmund closely misses you.
Sigmund points at you and mumbles some strange words.
The puff of flame hits you! Sigmund gestures at you while chanting.
The puff of flame hits you!
* * * LOW HITPOINT WARNING * * *
Sigmund gestures at you while chanting.
You are confused.
You're too confused to move!
You are feeling hungry.
You feel less confused. Sigmund casts a spell at you.
You are confused.
Sigmund says, "You will soon forget everything."
Sigmund gestures at you while chanting. The puff of flame hits you.
You die...

#........# #.# # #.########
#.# # #.# #@# # #.# #.# #
#.########## #.######
#..........#########.......
##########..@..............
#..############### #@.# #.
###.### ##. #.....# #####..
#>###.#######...... #.#
#..).(....####.
#.###.#####.(...... #.....#
#.######. .######.#####.#
#. ..(...........# #.


You could see Sigmund.

Vanquished Creatures
  Terence (D:1)
  2 adders (D:2)
  A worm (D:2)
  A dart slug (D:1)
  A leopard gecko (D:1)
  4 bats
  A giant cockroach (D:1)
  4 hobgoblins
  A frilled lizard (D:1)
  5 goblins (D:1)
  A kobold (D:2)
  3 rats
25 creatures vanquished.

Notes
Turn   | Place    | Note
-------+----------+-------------------------------------------
     0 | D:1      | AlterAsc the Tengu Gladiator began the quest for the Orb.
     0 | D:1      | Reached XP level 1. HP: 12/12 MP: 2/2
   206 | D:1      | Reached XP level 2. HP: 14/17 MP: 3/3
   732 | D:2      | Noticed Terence
   740 | D:1      | Killed Terence
   740 | D:1      | Reached skill level 1 in Armour
   740 | D:1      | Reached XP level 3. HP: 15/22 MP: 4/4
   883 | D:2      | Reached XP level 4. HP: 26/27 MP: 5/5
  1046 | D:2      | Noticed Sigmund
  1078 | D:2      | Killed from afar by Sigmund

Levels and vault maps discovered:
D:1:      beargit_arrival_greenhouse, layout_loops_ring, chequers_garden,
          kennysheep_nondescript, minmay_misc_feat_tiny,
          minmay_misc_feat_square, minmay_vboxes
D:2:      layout_loops_ring, marbit_many_paths, uniq_sigmund, uniq_terence

Skill      XL: |  1  2 |
---------------+-------+-----
Armour         | 1 |  1.5
Fighting       | |  2.7
Long Blades    | |  3.9
Throwing       | |  2.1
Dodging        | |  3.9

Action                   |  1- 3 |  4- 6 || total
-------------------------+-------+-------++-------
Melee: Long sword        |    32 |    11 ||    43
       Peck              |     9 |     3 ||    12
       Kick              |     6 |     2 ||     8
  Use: Potion            |       |     1 ||     1
Armor: Leather armour    |     3 |       ||     3
       Ring mail         |    10 |       ||    10
       Scale mail        |     2 |     2 ||     4
Dodge: Dodged            |    16 |     6 ||    22
       Rpst.: Long sword |     5 |     2 ||     7
